 Dungeon Crawl Stone Soup version 0.23-a0-419-g0174fd80c1 (webtiles) character file.

42 Naru the Caller (level 3, -1/25 HPs)
             Began as a Merfolk Summoner on Nov 13, 2018.
             Slain by an adder (4 damage)
             ... on level 2 of the Dungeon.
             The game lasted 00:03:40 (1524 turns).

Naru the Caller (Merfolk Summoner)                  Turns: 1524, Time: 00:03:41

Health: -1/25      AC:  2    Str:  9    XL:     3   Next: 56%
Magic:  5/6        EV: 13    Int: 14    God:
Gold:   70         SH:  0    Dex: 14    Spells: 6/7 levels left

rFire    . . .     SeeInvis .   h - +0 hand axe
rCold    . . .     Gourm    .   (no shield)
rNeg     . . .     Faith    .   a - +0 robe
rPois    .         Spirit   .   (no helmet)
rElec    .         Reflect  .   (no cloak)
rCorr    .         Harm     .   (no gloves)
MR       .....                  (no boots)
Stlth    ++........             (no amulet)
HPRegen  0.08/turn              (no ring)
MPRegen  0.10/turn              (no ring)

@: lethally poisoned (-1 -> -9)
A: change form in water, swift swim, stealthy swim
a: no special abilities


You were on level 2 of the Dungeon.
You were not hungry.

You visited 1 branch of the dungeon, and saw 2 of its levels.

You collected 70 gold pieces.

Inventory:

Hand Weapons
 h - a +0 hand axe (weapon)
Missiles
 b - 83 stones (quivered)
 i - 22 bolts
 k - 5 tomahawks
Armour
 a - a +0 robe (worn)
Scrolls
 d - a scroll of blinking {unknown}
 e - a scroll of enchant armour {unknown}
 g - a scroll of fog {unknown}
Potions
 f - a potion of magic {unknown}
 j - 2 potions of curing {unknown}
Comestibles
 c - 2 rations
 l - 2 chunks of flesh


   Skills:
 * Level 0.7 Fighting
 + Level 0.4 Axes
 + Level 3.0 Dodging
 - Level 2.1 Stealth
 * Level 2.5 Spellcasting
 * Level 4.5 Summonings


You had 6 spell levels left.
You knew the following spells:

 Your Spells              Type           Power        Failure   Level  Hunger
a - Summon Small Mammal   Summ           ##..         3%          1    #......

Your spell library contained the following spells:

 Spells                   Type           Power        Failure   Level  Hunger
 Call Imp                 Summ           ##......     5%          2    ###....
 Call Canine Familiar     Summ           ##......     11%         3    ###....
 Summon Guardian Golem    Hex/Summ       #.......     26%         3    ###....
 Summon Ice Beast         Ice/Summ       #.......     65%         4    #####..
 Summon Lightning Spire   Summ/Air       #.......     65%         4    #####..


Dungeon Overview and Level Annotations

Branches:
Dungeon (2/15)

Altars:


Message History

r - Retreat! s - Stop attacking. g - Guard the area. f - Follow me.
Anything else - Cancel.
Gang up on whom?
Press: ? - help, Dir - move target cursor, f - adder
Aim: an adder (lightly wounded) Attack!
The adder bites you.
* * * LOW HITPOINT WARNING * * *
Your rat misses the adder.
You feel sick.
Your rat closely misses the adder.
The adder bites you.
* * * LOW HITPOINT WARNING * * *
You are lethally poisoned!
The adder poisons you! The adder closely misses you.
Your rat closely misses the adder.
* * * LOW HITPOINT WARNING * * *
You feel sick.
* * * LOW HITPOINT WARNING * * *
You feel sick. The adder bites you.
You die...

. .... #.. #.
...###.# ..
....#.#
##.##.#.#.#
........#.#
.##.##†..#.#
........r#.#
.#####..S#.#######
#...@÷.......
#####.#######
#..#.#<..#
#...[..#.#
##.#.### # #.#.. .
### ##


You could see an adder and a friendly rat.

Vanquished Creatures
  An adder (D:2)
  A worm (D:2)
  A dart slug (D:1)
  3 leopard geckos
  A giant cockroach (D:1)
  A goblin (D:1)
  A hobgoblin (D:1)
  3 jackals (D:1)
  A kobold (D:1)
  2 bats (D:1)
  2 frilled lizards (D:1)
  A rat (D:1)
18 creatures vanquished.

Vanquished Creatures (collateral kills)
  2 dart slugs (D:1)
  A goblin (D:1)
  A jackal (D:1)
  A kobold (D:1)
  2 bats (D:1)
  A frilled lizard (D:1)
8 creatures vanquished.

Grand Total: 26 creatures vanquished

Notes
Turn   | Place    | Note
-------+----------+-------------------------------------------
     0 | D:1      | Naru the Merfolk Summoner began the quest for the Orb.
     0 | D:1      | Reached XP level 1. HP: 13/13 MP: 3/3
   591 | D:1      | Reached XP level 2. HP: 15/19 MP: 5/5
   856 | D:1      | Reached XP level 3. HP: 16/25 MP: 6/6
  1524 | D:2      | Slain by an adder

Vault maps used:
D:1:      evilmike_arrival_rings, serial_glass, glass_columns_a, glass_columns_c
D:2:      first_ration

Skill      XL: |  1  2  3 |
---------------+----------+-----
Dodging        | 3 |  3.0
Fighting       | |  0.7
Axes           | |  0.4
Stealth        | |  2.1
Spellcasting   | |  2.5
Summonings     | |  4.5

Action                   || total
-------------------------++-------
Melee: Unarmed           ||    25
       Club              ||     6
       Hand axe          ||    68
 Cast: Summon Small Mamm ||    15
 Stab: Sleeping          ||     2
  Eat: Chunk             ||     2
Armor: Robe              ||    35
Dodge: Dodged            ||   139

Table legend:
 A = Non-vault XP
 B = Vault XP
 C = Vault XP percentage of total XP
 D = Non-vault monster count
 E = Vault monster count
 F = Vault count percentage of total count
                 A         B        C        D         E       F
            +---------+---------+-------+---------+---------+-------
      Total |      61 |       0 |   0.0 |      26 |       0 |   0.0
            +---------+---------+-------+---------+---------+-------
        D:1 |      39 |       0 |   0.0 |      23 |       0 |   0.0
        D:2 |      22 |       0 |   0.0 |       3 |       0 |   0.0
            +---------+---------+-------+---------+---------+-------
